[ PARTIDA AOE2 · #506655095 ]
UnrankedJemeres vs Mongols
Equipo del jugador · DERR
Equipo rival · VICT
[ ANÁLISIS DE REPETICIÓN · EXTRAÍDO DE LA PARTIDA GRABADA ]
Feudal
—
Castillos
—
Imperial
—
| APM promedio | 47.0 |
| APM pico | 84 |
| eAPM promedio | 15.6 |
| Aldeanos / militares | 69 / 38 |
Foco
⚔️ 27.6% · 🌾 72.4%
Spearman ×28 · Skirmisher ×4 · Scout Cavalry ×4 · Monk ×2
Feudal
—
Castillos
—
Imperial
—
| APM promedio | 61.5 |
| APM pico | 128 |
| eAPM promedio | 17.5 |
| Aldeanos / militares | 69 / 51 |
Foco
⚔️ 23.9% · 🌾 76.1%
Steppe Lancer ×35 · Camel Scout ×10 · Spearman ×4 · Scout Cavalry ×2
Mapa de la partida
Recursos iniciales + cada clic de construcción. Líneas = muros · curvas = relieve. ◆ oro · ⬟ piedra · ● bayas · ✦ reliquia · ◌ hueco del cierre
Tu base· ✓ Cerrada en 19:05 · 38t muro · sin puerta
Base de arba· Abierta — el rival se encerró
Terreno inicial suavizado · ◌ = hueco del cierre detectado · pasá el cursor para detalles
Inputs por minuto
— ManyKitten76428 - - arba
Build order — ManyKitten76428
Primeras 150 de 201 acciones detectadas
| 0:00 | Encolar | Villager (Male) |
| 0:01 | Encolar | Villager (Male) |
| 0:01 | Encolar | Villager (Male) |
| 0:01 | Encolar | Villager (Male) |
| 0:01 | Encolar | Villager (Male) |
| 0:01 | Encolar | Villager (Male) |
| 0:01 | Encolar | Villager (Male) |
| 0:01 | Encolar | Villager (Male) |
| 0:03 | Construir | House |
| 0:05 | Construir | House |
| 1:10 | Encolar | Villager (Male) |
| 1:10 | Encolar | Villager (Male) |
| 1:50 | Encolar | Villager (Male) |
| 1:50 | Encolar | Villager (Male) |
| 2:09 | Construir | Lumber Camp |
| 2:11 | Encolar | Villager (Male) |
| 2:35 | Encolar | Villager (Male) |
| 2:36 | Encolar | Villager (Male) |
| 3:08 | Encolar | Villager (Male) |
| 3:08 | Encolar | Villager (Male) |
| 3:50 | Construir | House |
| 3:51 | Construir | House |
| 3:56 | Construir | Palisade Wall |
| 4:00 | Encolar | Villager (Male) |
| 4:00 | Encolar | Villager (Male) |
| 4:28 | Encolar | Villager (Male) |
| 4:48 | Encolar | Villager (Male) |
| 4:48 | Encolar | Villager (Male) |
| 5:15 | Construir | Palisade Wall |
| 5:40 | Construir | Palisade Wall |
| 6:08 | Investigar | Loom |
| 6:48 | Investigar | Feudal Age |
| 6:58 | Construir | Palisade Wall |
| 7:00 | Construir | Palisade Wall |
| 7:56 | Construir | Palisade Wall |
| 8:22 | Construir | House |
| 8:28 | Construir | House |
| 8:37 | Construir | Mill |
| 9:15 | Investigar | Double-Bit Axe |
| 9:29 | Construir | Stable |
| 9:36 | Encolar | Villager (Male) |
| 9:55 | Construir | Blacksmith |
| 10:00 | Construir | Farm |
| 10:02 | Encolar | Villager (Male) |
| 10:03 | Construir | Farm |
| 10:10 | Encolar | Scout Cavalry |
| 10:25 | Construir | Farm |
| 10:27 | Construir | Farm |
| 10:38 | Encolar | Villager (Male) |
| 11:00 | Construir | Farm |
| 11:05 | Encolar | Villager (Male) |
| 11:06 | Encolar | Villager (Male) |
| 11:14 | Construir | Farm |
| 11:24 | Construir | House |
| 11:30 | Encolar | Villager (Male) |
| 11:34 | Construir | Farm |
| 11:45 | Encolar | Scout Cavalry |
| 12:02 | Construir | Farm |
| 12:07 | Construir | House |
| 12:12 | Encolar | Villager (Male) |
| 12:18 | Construir | Farm |
| 12:22 | Construir | Farm |
| 12:24 | Encolar | Villager (Male) |
| 13:00 | Encolar | Villager (Male) |
| 13:15 | Investigar | Forging |
| 13:18 | Construir | House |
| 13:20 | Construir | House |
| 13:27 | Encolar | Villager (Male) |
| 13:32 | Construir | Farm |
| 13:37 | Construir | Palisade Wall |
| 13:52 | Construir | Barracks |
| 14:00 | Encolar | Villager (Male) |
| 14:02 | Investigar | Scale Barding Armor |
| 14:25 | Construir | Mining Camp |
| 14:30 | Encolar | Villager (Male) |
| 14:31 | Encolar | Villager (Male) |
| 14:48 | Construir | House |
| 15:02 | Encolar | Villager (Male) |
| 15:05 | Construir | Farm |
| 15:14 | Construir | Farm |
| 15:18 | Construir | Farm |
| 15:21 | Encolar | Villager (Male) |
| 15:27 | Encolar | Spearman |
| 15:27 | Encolar | Spearman |
| 15:32 | Construir | House |
| 15:43 | Encolar | Scout Cavalry |
| 15:43 | Encolar | Scout Cavalry |
| 15:54 | Construir | Farm |
| 15:58 | Encolar | Villager (Male) |
| 15:59 | Encolar | Villager (Male) |
| 16:17 | Encolar | Villager (Male) |
| 16:26 | Encolar | Spearman |
| 16:58 | Encolar | Spearman |
| 16:59 | Encolar | Spearman |
| 17:06 | Encolar | Villager (Male) |
| 17:09 | Encolar | Villager (Male) |
| 17:44 | Construir | Archery Range |
| 17:47 | Encolar | Villager (Male) |
| 18:22 | Encolar | Villager (Male) |
| 18:24 | Construir | Lumber Camp |
| 18:33 | Construir | Farm |
| 18:36 | Encolar | Villager (Male) |
| 19:05 | Investigar | Castle Age |
| 19:32 | Encolar | Spearman |
| 19:35 | Investigar | Scale Mail Armor |
| 19:42 | Encolar | Skirmisher |
| 19:42 | Encolar | Skirmisher |
| 19:43 | Encolar | Skirmisher |
| 19:43 | Encolar | Skirmisher |
| 20:03 | Encolar | Villager (Male) |
| 20:03 | Encolar | Villager (Male) |
| 21:10 | Encolar | Villager (Male) |
| 21:50 | Encolar | Villager (Male) |
| 21:58 | Construir | Town Center |
| 22:12 | Investigar | Light Cavalry (upgrade) |
| 22:13 | Investigar | Bloodlines |
| 22:13 | Investigar | Husbandry |
| 22:15 | Investigar | Pikeman (upgrade) |
| 22:19 | Investigar | Elite Skirmisher (upgrade) |
| 22:47 | Encolar | Villager (Male) |
| 23:09 | Encolar | Spearman |
| 23:09 | Encolar | Spearman |
| 23:12 | Investigar | Iron Casting |
| 23:25 | Encolar | Villager (Male) |
| 23:25 | Encolar | Villager (Male) |
| 23:34 | Construir | Monastery |
| 23:38 | Investigar | Bow Saw |
| 23:49 | Encolar | Villager (Male) |
| 23:51 | Encolar | Villager (Male) |
| 24:02 | Construir | Farm |
| 24:10 | Construir | House |
| 24:11 | Construir | House |
| 24:15 | Construir | Palisade Wall |
| 24:26 | Encolar | Villager (Male) |
| 24:27 | Encolar | Villager (Male) |
| 24:29 | Encolar | Villager (Male) |
| 24:36 | Construir | Palisade Wall |
| 24:52 | Construir | Palisade Wall |
| 24:59 | Encolar | Villager (Male) |
| 25:00 | Encolar | Villager (Male) |
| 25:01 | Encolar | Monk |
| 25:01 | Encolar | Monk |
| 25:22 | Construir | Farm |
| 25:24 | Construir | Farm |
| 25:26 | Construir | Farm |
| 25:47 | Encolar | Spearman |
| 25:47 | Encolar | Spearman |
| 25:47 | Encolar | Spearman |
| 25:47 | Encolar | Spearman |
| 25:48 | Encolar | Spearman |
Build order — arba
Primeras 150 de 211 acciones detectadas
| 0:01 | Encolar | Villager (Male) |
| 0:01 | Encolar | Villager (Male) |
| 0:01 | Encolar | Villager (Male) |
| 0:02 | Encolar | Villager (Male) |
| 0:02 | Encolar | Villager (Male) |
| 0:03 | Construir | House |
| 0:05 | Construir | House |
| 1:31 | Encolar | Villager (Male) |
| 1:58 | Encolar | Villager (Male) |
| 2:25 | Encolar | Villager (Male) |
| 2:28 | Construir | Lumber Camp |
| 2:45 | Encolar | Villager (Male) |
| 3:14 | Encolar | Villager (Male) |
| 3:14 | Encolar | Villager (Male) |
| 3:15 | Encolar | Villager (Male) |
| 3:29 | Construir | House |
| 3:30 | Construir | House |
| 4:02 | Encolar | Villager (Male) |
| 4:32 | Encolar | Villager (Male) |
| 4:42 | Encolar | Villager (Male) |
| 4:43 | Encolar | Villager (Male) |
| 5:00 | Construir | Mill |
| 5:09 | Encolar | Villager (Male) |
| 5:31 | Investigar | Loom |
| 6:49 | Investigar | Feudal Age |
| 7:41 | Construir | Barracks |
| 7:44 | Encolar | Villager (Male) |
| 8:44 | Construir | House |
| 9:09 | Encolar | Villager (Male) |
| 9:12 | Investigar | Double-Bit Axe |
| 9:17 | Construir | Stable |
| 9:31 | Encolar | Villager (Male) |
| 9:37 | Construir | Mill |
| 9:47 | Encolar | Villager (Male) |
| 10:10 | Construir | Mining Camp |
| 10:11 | Encolar | Villager (Male) |
| 10:17 | Encolar | Scout Cavalry |
| 10:25 | Investigar | Horse Collar |
| 10:39 | Encolar | Villager (Male) |
| 10:48 | Construir | House |
| 10:52 | Encolar | Villager (Male) |
| 11:19 | Construir | Farm |
| 11:25 | Construir | Farm |
| 11:27 | Encolar | Villager (Male) |
| 11:39 | Encolar | Villager (Male) |
| 11:46 | Construir | Farm |
| 11:51 | Construir | Farm |
| 12:06 | Encolar | Spearman |
| 12:10 | Construir | House |
| 12:11 | Construir | Palisade Wall |
| 12:14 | Construir | Palisade Wall |
| 12:16 | Construir | Palisade Wall |
| 12:18 | Construir | Palisade Wall |
| 12:22 | Construir | Palisade Wall |
| 12:27 | Encolar | Villager (Male) |
| 12:30 | Encolar | Spearman |
| 12:35 | Encolar | Villager (Male) |
| 12:42 | Construir | House |
| 12:46 | Construir | Palisade Wall |
| 12:54 | Construir | Farm |
| 12:56 | Construir | Farm |
| 12:56 | Encolar | Villager (Male) |
| 13:05 | Encolar | Villager (Male) |
| 13:11 | Construir | Farm |
| 13:11 | Construir | Farm |
| 13:20 | Construir | Farm |
| 13:35 | Construir | Farm |
| 13:36 | Encolar | Villager (Male) |
| 14:05 | Construir | House |
| 14:09 | Encolar | Villager (Male) |
| 14:28 | Construir | Farm |
| 14:30 | Encolar | Villager (Male) |
| 14:49 | Construir | Blacksmith |
| 14:56 | Encolar | Villager (Male) |
| 15:21 | Encolar | Spearman |
| 15:25 | Encolar | Villager (Male) |
| 15:32 | Encolar | Villager (Male) |
| 16:16 | Construir | House |
| 16:18 | Construir | Palisade Wall |
| 16:41 | Investigar | Castle Age |
| 16:41 | Investigar | Castle Age |
| 16:47 | Construir | House |
| 16:59 | Investigar | Gold Mining |
| 16:59 | Investigar | Gold Mining |
| 17:09 | Construir | Palisade Wall |
| 17:13 | Construir | Palisade Wall |
| 17:39 | Encolar | Spearman |
| 17:50 | Encolar | Scout Cavalry |
| 18:01 | Construir | Stable |
| 18:24 | Construir | Palisade Wall |
| 18:39 | Encolar | Villager (Male) |
| 18:45 | Investigar | Scale Barding Armor |
| 18:51 | Investigar | Wheelbarrow |
| 19:08 | Construir | Palisade Wall |
| 19:12 | Construir | Palisade Gate |
| 19:25 | Construir | Palisade Wall |
| 19:34 | Construir | Palisade Wall |
| 19:40 | Construir | Palisade Wall |
| 19:45 | Investigar | Bloodlines |
| 19:45 | Investigar | Husbandry |
| 20:11 | Construir | Town Center |
| 20:19 | Investigar | Bow Saw |
| 20:28 | Construir | House |
| 20:33 | Construir | Stone Wall |
| 20:37 | Encolar | Villager (Male) |
| 20:50 | Construir | Farm |
| 20:51 | Construir | Farm |
| 21:05 | Encolar | Camel Scout |
| 21:05 | Encolar | Camel Scout |
| 21:07 | Encolar | Villager (Male) |
| 21:14 | Construir | Palisade Wall |
| 21:23 | Construir | House |
| 21:32 | Encolar | Camel Scout |
| 21:37 | Construir | Farm |
| 21:38 | Construir | Farm |
| 21:40 | Encolar | Villager (Male) |
| 21:48 | Encolar | Villager (Male) |
| 22:00 | Encolar | Villager (Male) |
| 22:11 | Construir | Farm |
| 22:14 | Encolar | Villager (Male) |
| 22:27 | Encolar | Camel Scout |
| 22:27 | Encolar | Camel Scout |
| 22:39 | Investigar | Heavy Plow |
| 22:48 | Construir | Farm |
| 22:49 | Construir | Farm |
| 22:50 | Construir | Farm |
| 23:01 | Encolar | Steppe Lancer |
| 23:08 | Encolar | Steppe Lancer |
| 23:12 | Encolar | Villager (Male) |
| 23:26 | Construir | Farm |
| 23:31 | Encolar | Steppe Lancer |
| 23:33 | Encolar | Villager (Male) |
| 23:50 | Encolar | Villager (Male) |
| 23:50 | Encolar | Villager (Male) |
| 23:54 | Construir | Farm |
| 23:55 | Construir | Farm |
| 24:03 | Construir | Farm |
| 24:04 | Construir | Farm |
| 24:06 | Construir | Farm |
| 24:13 | Encolar | Steppe Lancer |
| 24:14 | Encolar | Steppe Lancer |
| 24:33 | Investigar | Forging |
| 24:48 | Encolar | Camel Scout |
| 24:50 | Encolar | Camel Scout |
| 24:51 | Encolar | Camel Scout |
| 24:58 | Encolar | Steppe Lancer |
| 25:06 | Encolar | Villager (Male) |
| 25:06 | Encolar | Villager (Male) |
| 25:10 | Encolar | Steppe Lancer |
| 25:28 | Encolar | Steppe Lancer |
Cronología de la partida
| 3:56 | ManyKitten76428 · wall_segment Palisade Wall x5 |
| 5:15 | ManyKitten76428 · wall_segment Palisade Wall x13 |
| 5:40 | ManyKitten76428 · wall_segment Palisade Wall x9 |
| 6:58 | ManyKitten76428 · wall_segment Palisade Wall x1 |
| 7:00 | ManyKitten76428 · wall_segment Palisade Wall x1 |
| 7:41 | arba · first_building Barracks |
| 7:56 | ManyKitten76428 · wall_segment Palisade Wall x8 |
| 9:17 | arba · first_building Stable |
| 9:29 | ManyKitten76428 · first_building Stable |
| 12:11 | arba · wall_segment Palisade Wall x1 |
| 12:14 | arba · wall_segment Palisade Wall x1 |
| 12:16 | arba · wall_segment Palisade Wall x1 |
| 12:18 | arba · wall_segment Palisade Wall x1 |
| 12:22 | arba · wall_segment Palisade Wall x1 |
| 12:46 | arba · wall_segment Palisade Wall x1 |
| 13:37 | ManyKitten76428 · wall_segment Palisade Wall x1 |
| 13:52 | ManyKitten76428 · first_building Barracks |
| 16:18 | arba · wall_segment Palisade Wall x4 |
| 17:09 | arba · wall_segment Palisade Wall x8 |
| 17:13 | arba · wall_segment Palisade Wall x5 |
| 17:44 | ManyKitten76428 · first_building Archery Range |
| 18:24 | arba · wall_segment Palisade Wall x3 |
| 19:08 | arba · wall_segment Palisade Wall x1 |
| 19:25 | arba · wall_segment Palisade Wall x4 |
| 19:34 | arba · wall_segment Palisade Wall x1 |
| 19:40 | arba · wall_segment Palisade Wall x7 |
| 20:33 | arba · wall_segment Stone Wall x1 |
| 21:14 | arba · wall_segment Palisade Wall x1 |
| 23:34 | ManyKitten76428 · first_building Monastery |
| 24:15 | ManyKitten76428 · wall_segment Palisade Wall x1 |
| 24:36 | ManyKitten76428 · wall_segment Palisade Wall x10 |
| 24:52 | ManyKitten76428 · wall_segment Palisade Wall x1 |
| 26:44 | ManyKitten76428 · wall_segment Palisade Wall x1 |
| 27:42 | arba · first_building Siege Workshop |
| 30:38 | ManyKitten76428 · wall_segment Palisade Wall x1 |
| 31:15 | ManyKitten76428 · wall_segment Palisade Wall x1 |
| 31:26 | ManyKitten76428 · resign |
[ ANÁLISIS IA · 1 CRÉDITO ]
¿Qué pasó realmente en esta partida?
Wolo.gg analiza cada decisión: build order, eco, micro, errores típicos por bracket. Análisis personalizado por WhatsApp o Discord en 30 segundos.
Guía civ
Jemeres
Perfil
Jugador #15948060